 Dungeon Crawl Stone Soup version 0.29.0-4-gdea44cf6ec (webtiles) character file.

Game seed: 9193489667779824204

23009 qw the Grappler (level 12, -3/115 HPs)
             Began as a Troll Cinder Acolyte on Aug 31, 2022.
             Was a Follower of Okawaru.
             Slain by an 11-headed hydra (8 damage)
             ... on level 4 of the Lair of Beasts.
             The game lasted 00:06:26 (10342 turns).

qw the Grappler (Troll Cinder Acolyte)             Turns: 10342, Time: 00:06:26

Health: -3/115     AC: 15    Str: 29    XL:     12   Next: 68%
Magic:  13/13      EV:  9    Int: 10    God:    Okawaru [*.....]
Gold:   866        SH: 17    Dex:  5    Spells: 13/13 levels left

rFire   . . .      SeeInvis +     - Unarmed
rCold   + + +      Faith    .   s - +0 tower shield
rNeg    . . .      Spirit   .   n - +4 skin of Zhor {*Englaciate rC+++ SInv}
rPois   +          Reflect  .   (helmet restricted)
rElec   .          Harm     .   d - +2 cloak {rPois}
rCorr   .          Rampage  .   (gloves unavailable)
Will    .....                   (boots unavailable)
Stlth   ++........              m - amulet of the acrobat
HPRegen 1.09/turn               c - +4 ring of protection
MPRegen 0.13/turn               j - ring of protection from fire

@: about to teleport, heroic, fire susceptible
A: large, unfitting armour, claws 3, regeneration 1, shaggy fur 1, tough skin 1
a: Renounce Religion, Heroism


You were on level 4 of the Lair of Beasts.
You worshipped Okawaru.
Okawaru was aware of your devotion.
You visited 3 branches of the dungeon, and saw 14 of its levels.
You also visited: Ossuary.

You collected 1317 gold pieces.
You spent 451 gold pieces at shops.


Innate Abilities, Weirdness & Mutations

You are too large for most types of armour.
You have claws for hands.
Your natural rate of healing is unusually fast.
You are covered in fur. (AC +1)
You have tough skin. (AC +1)


   Skills:
 - Level 6.7(11.7) Fighting
 - Level 2.1(7.1) Throwing
 - Level 2.2(7.2) Armour
 - Level 1.6(6.6) Dodging
 + Level 11.5(16.5) Shields
 - Level 14.8(19.8) Unarmed Combat
 - Level 1.0 Spellcasting
 - Level 2.1 Fire Magic
 + Level 3.5 Invocations


You had 13 spell levels left.
You didn't know any spells.
Your spell library contained the following spells:

 Spells                   Type           Power      Damage    Failure   Level
 Scorch                   Fire           8%         2d5       45%         2

Inventory:

Missiles
 b - a boomerang
 u - a javelin (quivered)
Armour
 a - the +2 robe of the Arcane {rN+++ rCorr Str+7 Stlth-}
   (You acquired it on level 1 of the Lair of Beasts)

   Str:       It affects your strength (+7).
   rN:        It renders you almost immune to negative energy.
   rCorr:     It protects you from acid and corrosion.
   Stlth:     It makes you less stealthy.
 d - a +2 cloak of poison resistance (worn)
 n - the +4 skin of Zhor (worn) {*Englaciate rC+++ SInv}
   (You found it on level 1 of the Lair of Beasts)

   It radiates cold, occasionally slowing all nearby creatures who are not
   resistant to cold.
   rC:        It renders you almost immune to cold.
   SInv:      It lets you see invisible.
 q - a scarf of repulsion
 r - +4 steam dragon scales
 s - a +0 tower shield (worn)
Jewellery
 c - a +4 ring of protection (left claw)
 h - a ring of willpower
 j - a ring of protection from fire (right claw)
 l - a ring of fire
 m - an amulet of the acrobat (around neck)
 o - a ring of ice
 p - an amulet of regeneration
Scrolls
 f - 2 scrolls of teleportation
 g - 14 scrolls of identify
 k - 4 scrolls of enchant weapon
 w - 2 scrolls of noise {unknown}
Potions
 e - 2 potions of might
 i - 8 potions of curing
 t - a potion of heal wounds
 v - a potion of haste {unknown}

Dungeon Overview and Level Annotations

Branches:
Dungeon (9/15)             Temple (1/1) D:6            Lair (3/5) D:9
 Shoals (0/4) Lair:2        Snake (0/4) Lair:2      Ossuary (visited)
    Orc: D:9-12

Altars:
Ashenzari
Dithmenos
Elyvilon
Fedhas
Gozag
Hepliaklqana
Kikubaaqudgha
Makhleb
Nemelex Xobeh
Okawaru
Qazlal
Ru
Trog
Uskayaw
Vehumet
Wu Jian
Xom
Yredelemnul
Zin

Shops:
D:1 [(   D:4 ?=(*:   D:7 (


Message History

The ten-headed hydra barely misses you.
The ten-headed hydra bites you but does no damage.
You barely miss the ten-headed hydra.
The ten-headed hydra is moderately wounded.
You block the cane toad's attack. The ten-headed hydra barely misses you.
You block the ten-headed hydra's attack.
The ten-headed hydra bites you but does no damage. x2
You block the ten-headed hydra's attack.
The ten-headed hydra bites you but does no damage.
The ten-headed hydra bites you.
You block the ten-headed hydra's attack.
The ten-headed hydra bites you!
The ten-headed hydra closely misses you.
You barely miss the ten-headed hydra.
The ten-headed hydra is moderately wounded.
The cane toad stings you! The boulder beetle hits you!!
The boulder beetle stops rolling and uncurls.
You claw one of the ten-headed hydra's heads off!
The nine-headed hydra grows two more!
You claw the 11-headed hydra!
The 11-headed hydra is lightly wounded.
You radiate an aura of cold.
The cane toad seems to slow down.
The boulder beetle seems to slow down.
The 11-headed hydra seems to slow down.
The cane toad seems to slow down.
The cane toad stings you but does no damage.
You block the 11-headed hydra's attack. x2
The 11-headed hydra completely misses you.
The 11-headed hydra misses you. The 11-headed hydra bites you!
The 11-headed hydra closely misses you. The 11-headed hydra bites you.
The 11-headed hydra bites you but does no damage.
The 11-headed hydra bites you! x2
The 11-headed hydra bites you but does no damage.
10342 ||| READING 3 scrolls of teleportation.
As you read the scroll of teleportation, it crumbles to dust.
You feel strangely unstable.
The 11-headed hydra is no longer moving slowly.
The boulder beetle leaps!
The cane toad barely misses you. The 11-headed hydra barely misses you.
The 11-headed hydra bites you.
You block the 11-headed hydra's attack. x3
The 11-headed hydra barely misses you. The 11-headed hydra bites you!
You die...

.}Y.}.> # .......
.# ....... ..
#..B..} ####.##..
##(.... ##@.......
....DF.##DF0...:..
..}....#.F........
#...........
#.......B...#
#.##.#...#..# ...
..##.#.... ....
... .##... .[..P.
.....# ..


You could see a boulder beetle (slow), a 11-headed hydra and 2 cane toads.

Vanquished Creatures
  A hydra (Lair:1)
  A two-headed ogre (D:9)
  Urug (Lair:2)
  Pikel (D:4)
  A merfolk siren (Lair:2)
  11 elephants
  2 black mambas
  4 cane toads
  2 torpor snails
  3 rime drakes (Lair:1)
  3 komodo dragons (Lair:1)
  3 blink frogs (Lair:2)
  Sigmund (D:2)
  4 dream sheep (Lair:3)
  A vampire (D:9)
  2 basilisks
  32 yaks
  4 wyverns
  3 steam dragons
  Menkaure (D:5)
  2 nagas (Lair:2)
  6 water moccasins
  An acid dragon (D:9)
  3 orc warriors
  4 black bears
  4 ogres
  5 centaurs
  4 lemures (D:4)
  A kobold brigand (D:5)
  Blork the orc (D:4)
  A bullfrog (Lair:1)
  A necrophage (D:5)
  A scorpion (D:7)
  21 wights
  11 killer bees
  2 howler monkeys
  2 hounds (D:5)
  A jelly (D:8)
  2 centaur zombies (Ossuary)
  A human zombie (Ossuary)
  A gnoll bouda (D:7)
  7 orc priests
  3 iguanas
  4 orc wizards
  2 mummies (Ossuary)
  Robin (D:2)
  7 gnolls
  4 adders
  10 river rats (D:5)
  2 shadow imps
  2 white imps
  An ufetubus (D:5)
  A worm (D:4)
  3 dart slugs
  28 orcs
  6 ball pythons
  7 bats
  6 endoplasms
  3 giant cockroaches
  2 gnoll zombies (Ossuary)
  17 goblins
  8 hobgoblins
  4 jackals
  2 quokkas
  6 frilled lizards
  2 goblin zombies (Ossuary)
  6 hobgoblin zombies (Ossuary)
  13 kobolds
  An orc zombie (Ossuary)
  19 rats
333 creatures vanquished.

Vanquished Creatures (others)
  2 killer bees (D:8)
  An orc wizard (D:8)
  2 orcs (D:8)
  17 fungi
  20 plants
42 creatures vanquished.

Grand Total: 375 creatures vanquished

Notes
Turn   | Place    | Note
-------+----------+-------------------------------------------
     0 | D:1      | qw the Troll Cinder Acolyte began the quest for the Orb.
     0 | D:1      | Reached XP level 1. HP: 22/22 MP: 1/1
     0 | D:1      | 0 ||| qw: Version: 0.1-a-97-g2dd2ca4
     0 | D:1      | 0 ||| qw: Game counter: 4568
     0 | D:1      | 0 ||| qw: Always use a shield: true
     0 | D:1      | 0 ||| qw: God list: Okawaru
     0 | D:1      | 0 ||| qw: Allow faded altars: false
     0 | D:1      | 0 ||| qw: Do Orc after D:15 true
     0 | D:1      | 0 ||| qw: Do second Lair branch before Depths: true
     0 | D:1      | 0 ||| qw: Lair rune preference: random
     0 | D:1      | 0 ||| qw: Plans: Normal
     0 | D:1      | 0 ||| PLANNING D:1-11
   112 | D:1      | Reached XP level 2. HP: 29/29 MP: 2/2
   282 | D:1      | Found Etuowk's Antique Armour Shoppe.
   462 | D:1      | Found Pairchab's Antique Weapon Shop.
   488 | D:1      | Reached skill level 4 in Unarmed Combat
   696 | D:1      | 696 ||| UPGRADING to +4 ring of protection.
   697 | D:1      | 697 ||| READING scroll labelled QACUYD ZAIMETZ.
   698 | D:1      | 698 ||| DRINKING 2 clear potions.
   699 | D:1      | 699 ||| DRINKING 2 fuming yellow potions.
   700 | D:1      | 700 ||| DROPPING potion of flight.
   701 | D:1      | 701 ||| DROPPING potion of brilliance.
   735 | D:2      | 735 ||| Stepping ~*~*~tactically~*~*~ (stealth).
   739 | D:2      | Reached XP level 3. HP: 36/36 MP: 3/3
   821 | D:2      | 821 ||| Stepping ~*~*~tactically~*~*~ (stealth).
   833 | D:2      | 833 ||| Stepping ~*~*~tactically~*~*~ (stealth).
   964 | D:2      | Noticed Sigmund
   974 | D:2      | Killed Sigmund
   975 | D:2      | Reached skill level 6 in Unarmed Combat
   975 | D:2      | Reached XP level 4. HP: 39/44 MP: 4/4
   975 | D:2      | Reached XP level 5. HP: 44/50 MP: 5/5
  1009 | D:2      | Noticed Robin
  1018 | D:2      | 1018 ||| Stepping ~*~*~tactically~*~*~ (outnumbered).
  1021 | D:2      | Killed Robin
  1022 | D:2      | 1022 ||| Stepping ~*~*~tactically~*~*~ (outnumbered).
  1023 | D:2      | 1023 ||| Stepping ~*~*~tactically~*~*~ (outnumbered).
  1024 | D:2      | 1024 ||| Stepping ~*~*~tactically~*~*~ (outnumbered).
  1025 | D:2      | 1025 ||| Stepping ~*~*~tactically~*~*~ (outnumbered).
  1026 | D:2      | 1026 ||| Stepping ~*~*~tactically~*~*~ (outnumbered).
  1027 | D:2      | 1027 ||| Stepping ~*~*~tactically~*~*~ (outnumbered).
  1028 | D:2      | 1028 ||| Stepping ~*~*~tactically~*~*~ (outnumbered).
  1029 | D:2      | 1029 ||| Stepping ~*~*~tactically~*~*~ (outnumbered).
  1030 | D:2      | 1030 ||| Stepping ~*~*~tactically~*~*~ (outnumbered).
  1059 | D:2      | 1059 ||| Stepping ~*~*~tactically~*~*~ (stealth).
  1082 | D:2      | 1082 ||| Stepping ~*~*~tactically~*~*~ (stealth).
  1091 | D:2      | 1091 ||| Stepping ~*~*~tactically~*~*~ (stealth).
  1092 | D:2      | 1092 ||| Stepping ~*~*~tactically~*~*~ (stealth).
  1404 | D:2      | 1404 ||| UPGRADING to ring of willpower.
  1405 | D:2      | 1405 ||| READING scroll labelled GETETEST NAPAO.
  1443 | D:3      | 1443 ||| Stepping ~*~*~tactically~*~*~ (hiding).
  1447 | D:3      | 1447 ||| Stepping ~*~*~tactically~*~*~ (hiding).
  1555 | D:3      | Found a basalt altar of Yredelemnul.
  1703 | D:3      | Reached XP level 6. HP: 58/59 MP: 6/6
  1740 | D:3      | Found a shadowy altar of Dithmenos.
  1839 | D:3      | Reached skill level 7 in Unarmed Combat
  1882 | D:3      | Found a shimmering altar of Xom.
  1883 | D:3      | Found a shimmering altar of Xom.
  1884 | D:3      | Found a shimmering altar of Xom.
  1884 | D:3      | Found a shimmering altar of Xom.
  1885 | D:3      | Found a shimmering altar of Xom.
  2136 | D:3      | 2136 ||| DROPPING orb of light.
  2137 | D:3      | 2137 ||| READING scroll labelled PUTEON OLIOMI.
  2238 | D:3      | 2238 ||| DRINKING 2 white potions.
  2239 | D:3      | 2239 ||| READING 2 scrolls of identify.
  2239 | D:3      | 2239 ||| IDENTIFYING fuming brown potion
  2240 | D:3      | 2240 ||| DROPPING potion of attraction.
  2273 | D:4      | Found Roeshrycef's Jewellery Shop.
  2274 | D:4      | 2274 ||| PLANNING OSSUARY
  2276 | D:4      | 2276 ||| SHOPLISTING +4 ring of evasion (432 gold, have
                  | 196).
  2276 | D:4      | 2276 ||| SHOPLISTING +4 ring of slaying (936 gold, have
                  | 196).
  2276 | D:4      | 2276 ||| SHOPLISTING +6 ring of strength (432 gold, have
                  | 196).
  2276 | D:4      | 2276 ||| SHOPLISTING ring "Iwilej" {rC+ EV+4 Int+4} (700
                  | gold, have 196).
  2276 | D:4      | 2276 ||| SHOPLISTING ring of protection from fire (300
                  | gold, have 196).
  2276 | D:4      | 2276 ||| SHOPLISTING ring of resist corrosion (240 gold,
                  | have 196).
  2279 | D:4      | Found a sand-covered staircase.
  2294 | Ossuary  | Entered an ossuary
  2312 | Ossuary  | 2312 ||| INVOKING Fiery Armour.
  2319 | Ossuary  | 2319 ||| Stepping ~*~*~tactically~*~*~ (outnumbered).
  2320 | Ossuary  | 2320 ||| Stepping ~*~*~tactically~*~*~ (outnumbered).
  2321 | Ossuary  | 2321 ||| Stepping ~*~*~tactically~*~*~ (outnumbered).
  2341 | Ossuary  | 2341 ||| Stepping ~*~*~tactically~*~*~ (outnumbered).
  2450 | D:4      | 2450 ||| PLANNING D:1-11
  2535 | D:4      | Found Omnerriyv's Assorted Antiques.
  2544 | D:4      | 2544 ||| BUYING glowing cloak (217 gold).
  2544 | D:4      | Bought a glowing cloak for 217 gold pieces
  2544 | D:4      | 2544 ||| BUYING scroll labelled BEULEBBOZEO (29 gold).
  2544 | D:4      | Bought a scroll labelled BEULEBBOZEO for 29 gold pieces
  2584 | D:4      | Noticed Pikel
  2592 | D:4      | 2592 ||| Stepping ~*~*~tactically~*~*~ (outnumbered).
  2596 | D:4      | 2596 ||| INVOKING Fiery Armour.
  2603 | D:4      | HP: 14/59 [Pikel/+1 whip of freezing (8)]
  2604 | D:4      | HP: 6/59 [Pikel/+1 whip of freezing (1)]
  2608 | D:4      | HP: 2/59 [Pikel/+1 whip of freezing (2)]
  2608 | D:4      | Killed Pikel
  2609 | D:4      | Reached skill level 9 in Unarmed Combat
  2609 | D:4      | Reached XP level 7. HP: 2/66 MP: 7/7
  2678 | D:4      | Found Holeumui's Weapon Shoppe.
  2685 | D:4      | 2685 ||| Stepping ~*~*~tactically~*~*~ (stealth).
  2758 | D:4      | Noticed Blork the orc
  2759 | D:4      | 2759 ||| Stepping ~*~*~tactically~*~*~ (hiding).
  2765 | D:4      | Killed Blork the orc
  3026 | D:4      | Found a hazy altar of Hepliaklqana.
  3050 | D:4      | 3050 ||| Stepping ~*~*~tactically~*~*~ (hiding).
  3051 | D:4      | 3051 ||| Stepping ~*~*~tactically~*~*~ (outnumbered).
  3056 | D:4      | Reached skill level 3 in Fighting
  3056 | D:4      | Reached XP level 8. HP: 75/75 MP: 8/8
  3080 | D:4      | 3080 ||| Stepping ~*~*~tactically~*~*~ (stealth).
  3278 | D:4      | 3278 ||| Stepping ~*~*~tactically~*~*~ (stealth).
  3279 | D:4      | 3279 ||| Stepping ~*~*~tactically~*~*~ (stealth).
  3280 | D:4      | 3280 ||| Stepping ~*~*~tactically~*~*~ (stealth).
  3300 | D:4      | Found Etseam's Magic Scroll Emporium.
  3310 | D:4      | 3310 ||| BUYING scroll of enchant armour (75 gold).
  3310 | D:4      | Bought a scroll of enchant armour for 75 gold pieces
  3310 | D:4      | 3310 ||| BUYING scroll of identify (20 gold).
  3310 | D:4      | Bought a scroll of identify for 20 gold pieces
  3310 | D:4      | 3310 ||| BUYING scroll of identify (20 gold).
  3310 | D:4      | Bought a scroll of identify for 20 gold pieces
  3310 | D:4      | 3310 ||| BUYING scroll of identify (20 gold).
  3310 | D:4      | Bought a scroll of identify for 20 gold pieces
  3310 | D:4      | 3310 ||| BUYING scroll of identify (20 gold).
  3310 | D:4      | Bought a scroll of identify for 20 gold pieces
  3310 | D:4      | 3310 ||| BUYING scroll of identify (20 gold).
  3310 | D:4      | Bought a scroll of identify for 20 gold pieces
  3310 | D:4      | 3310 ||| BUYING scroll of teleportation (30 gold).
  3310 | D:4      | Bought a scroll of teleportation for 30 gold pieces
  3752 | D:4      | Found Wevub's Book Emporium.
  3821 | D:4      | 3821 ||| UPGRADING to +2 cloak of poison resistance.
  3826 | D:4      | 3826 ||| UPGRADING to amulet of the acrobat.
  3831 | D:4      | 3831 ||| UPGRADING to ring of protection from fire.
  3833 | D:4      | 3833 ||| READING scroll labelled BATOOG KEXIGUCS.
  3834 | D:4      | 3834 ||| READING scroll labelled ARIVOS PIMONOSEU.
  3835 | D:4      | 3835 ||| READING scroll labelled RELO SEEPUDE.
  3835 | D:4      | Identified a scroll of acquirement
  3835 | D:4      | 3835 ||| ACQUIRING 458 gold pieces
  3835 | D:4      | Acquired 458 gold pieces
  3837 | D:4      | 3837 ||| DRINKING 4 grey potions.
  3838 | D:4      | 3838 ||| READING 9 scrolls of identify.
  3838 | D:4      | 3838 ||| IDENTIFYING murky grey potion
  3839 | D:4      | 3839 ||| DROPPING potion of ambrosia.
  3850 | D:5      | Entered Level 5 of the Dungeon
  3855 | D:5      | 3855 ||| Stepping ~*~*~tactically~*~*~ (stealth).
  3859 | D:5      | 3859 ||| Stepping ~*~*~tactically~*~*~ (stealth).
  3863 | D:5      | 3863 ||| INVOKING Fiery Armour.
  3869 | D:5      | 3869 ||| Stepping ~*~*~tactically~*~*~ (stealth).
  3876 | D:5      | Reached skill level 1 in Dodging
  3880 | D:5      | 3880 ||| Stepping ~*~*~tactically~*~*~ (stealth).
  3885 | D:5      | 3885 ||| Stepping ~*~*~tactically~*~*~ (stealth).
  3886 | D:5      | 3886 ||| Stepping ~*~*~tactically~*~*~ (stealth).
  4171 | D:5      | Noticed Menkaure
  4179 | D:5      | Killed Menkaure
  4180 | D:5      | Reached skill level 10 in Unarmed Combat
  4204 | D:5      | Found a broken altar of Ashenzari.
  4445 | D:5      | Found a white marble altar of Elyvilon.
  4539 | D:5      | 4539 ||| INVOKING Fiery Armour.
  4683 | D:5      | 4683 ||| DRINKING 2 amethyst potions.
  4684 | D:5      | 4684 ||| DROPPING potion of invisibility.
  4767 | D:6      | 4767 ||| Stepping ~*~*~tactically~*~*~ (stealth).
  4869 | D:6      | 4869 ||| Stepping ~*~*~tactically~*~*~ (outnumbered).
  4870 | D:6      | 4870 ||| Stepping ~*~*~tactically~*~*~ (hiding).
  4875 | D:6      | 4875 ||| Stepping ~*~*~tactically~*~*~ (outnumbered).
  4901 | D:6      | 4901 ||| Stepping ~*~*~tactically~*~*~ (stealth).
  4903 | D:6      | 4903 ||| Stepping ~*~*~tactically~*~*~ (stealth).
  4905 | D:6      | 4905 ||| Stepping ~*~*~tactically~*~*~ (stealth).
  4906 | D:6      | 4906 ||| Stepping ~*~*~tactically~*~*~ (stealth).
  4912 | D:6      | 4912 ||| Stepping ~*~*~tactically~*~*~ (outnumbered).
  4973 | D:6      | 4973 ||| Stepping ~*~*~tactically~*~*~ (stealth).
  4977 | D:6      | 4977 ||| Stepping ~*~*~tactically~*~*~ (stealth).
  4980 | D:6      | 4980 ||| Stepping ~*~*~tactically~*~*~ (stealth).
  5048 | D:6      | 5048 ||| INVOKING Fiery Armour.
  5055 | D:6      | Reached skill level 11 in Unarmed Combat
  5055 | D:6      | 5055 ||| Stepping ~*~*~tactically~*~*~ (hiding).
  5066 | D:6      | Reached XP level 9. HP: 72/84 MP: 9/9
  5071 | D:6      | 5071 ||| Stepping ~*~*~tactically~*~*~ (stealth).
  5133 | D:6      | Found a faded altar of an unknown god.
  5133 | D:6      | Found a stormy altar of Qazlal.
  5140 | D:6      | Found a radiant altar of Vehumet.
  5142 | D:6      | Found an opulent altar of Gozag.
  5144 | D:6      | Found a faded altar of an unknown god.
  5251 | D:6      | Found a staircase to the Ecumenical Temple.
  5318 | D:6      | 5318 ||| READING scroll labelled COUTOX ZONA.
  5342 | D:7      | Found Tyunabar's Antique Weapon Emporium.
  5358 | D:7      | 5358 ||| Stepping ~*~*~tactically~*~*~ (outnumbered).
  5389 | D:7      | 5389 ||| INVOKING Fiery Armour.
  5390 | D:7      | 5390 ||| Stepping ~*~*~tactically~*~*~ (outnumbered).
  5399 | D:7      | 5399 ||| Stepping ~*~*~tactically~*~*~ (outnumbered).
  5405 | D:7      | Reached skill level 12 in Unarmed Combat
  5552 | D:7      | 5552 ||| Stepping ~*~*~tactically~*~*~ (outnumbered).
  5602 | D:7      | 5602 ||| Stepping ~*~*~tactically~*~*~ (hiding).
  5616 | D:7      | 5616 ||| DRINKING 6 potions of curing.
  5616 | D:7      | 5616 ||| (to cure confusion)
  5618 | D:7      | 5618 ||| DRINKING 5 potions of curing.
  5618 | D:7      | 5618 ||| (to cure confusion)
  5743 | D:7      | Reached skill level 13 in Unarmed Combat
  5757 | D:7      | Reached skill level 1 in Armour
  5952 | D:7      | 5952 ||| Stepping ~*~*~tactically~*~*~ (outnumbered).
  5953 | D:7      | 5953 ||| Stepping ~*~*~tactically~*~*~ (outnumbered).
  5955 | D:7      | 5955 ||| Stepping ~*~*~tactically~*~*~ (outnumbered).
  6003 | D:7      | 6003 ||| READING 12 scrolls of identify.
  6003 | D:7      | 6003 ||| IDENTIFYING cyan potion
  6004 | D:7      | 6004 ||| DROPPING potion of berserk rage.
  6029 | D:8      | Reached XP level 10. HP: 96/96 MP: 10/10
  6039 | D:8      | 6039 ||| Stepping ~*~*~tactically~*~*~ (hiding).
  6194 | D:8      | 6194 ||| Stepping ~*~*~tactically~*~*~ (stealth).
  6195 | D:8      | 6195 ||| Stepping ~*~*~tactically~*~*~ (stealth).
  6196 | D:8      | 6196 ||| Stepping ~*~*~tactically~*~*~ (stealth).
  6217 | D:8      | 6217 ||| Stepping ~*~*~tactically~*~*~ (stealth).
  6225 | D:8      | 6225 ||| FLEEEEING.
  6226 | D:8      | 6226 ||| INVOKING Fiery Armour.
  6227 | D:8      | 6227 ||| Stepping ~*~*~tactically~*~*~ (outnumbered).
  6233 | D:8      | 6233 ||| DRINKING 5 potions of curing.
  6233 | D:8      | 6233 ||| (to cure confusion)
  6234 | D:8      | 6234 ||| Stepping ~*~*~tactically~*~*~ (outnumbered).
  6239 | D:8      | 6239 ||| FLEEEEING.
  6240 | D:8      | 6240 ||| FLEEEEING.
  6299 | D:8      | 6299 ||| Stepping ~*~*~tactically~*~*~ (hiding).
  6301 | D:8      | 6301 ||| Stepping ~*~*~tactically~*~*~ (hiding).
  6303 | D:8      | 6303 ||| Stepping ~*~*~tactically~*~*~ (hiding).
  6504 | D:8      | Identified the +8 scimitar "Qefeukug" {vorpal, Will+ Dex+4}
  6578 | D:8      | Reached skill level 1 in Throwing
  6593 | D:8      | 6593 ||| Stepping ~*~*~tactically~*~*~ (hiding).
  6605 | D:8      | 6605 ||| Stepping ~*~*~tactically~*~*~ (stealth).
  6607 | D:8      | 6607 ||| Stepping ~*~*~tactically~*~*~ (hiding).
  6616 | D:8      | Reached skill level 14 in Unarmed Combat
  6640 | D:8      | 6640 ||| Stepping ~*~*~tactically~*~*~ (hiding).
  6794 | D:8      | 6794 ||| UPGRADING to +0 steam dragon scales.
  6804 | D:8      | 6804 ||| DROPPING +0 robe.
  6805 | D:8      | 6805 ||| READING 3 scrolls of enchant armour.
  6805 | D:8      | 6805 ||| ENCHANTING +0 steam dragon scales.
  6806 | D:8      | 6806 ||| READING 2 scrolls of enchant armour.
  6806 | D:8      | 6806 ||| ENCHANTING +1 steam dragon scales.
  6807 | D:8      | 6807 ||| READING scroll of enchant armour.
  6807 | D:8      | 6807 ||| ENCHANTING +2 steam dragon scales.
  6878 | D:9      | 6878 ||| Stepping ~*~*~tactically~*~*~ (stealth).
  6917 | D:9      | Found a staircase to the Lair.
  6951 | D:9      | Noticed a two-headed ogre
  6952 | D:9      | 6952 ||| Stepping ~*~*~tactically~*~*~ (stealth).
  6969 | D:9      | Killed a two-headed ogre
  6970 | D:9      | Reached skill level 6 in Fighting
  6980 | D:9      | 6980 ||| Stepping ~*~*~tactically~*~*~ (stealth).
  7027 | D:9      | 7027 ||| Stepping ~*~*~tactically~*~*~ (stealth).
  7047 | D:9      | 7047 ||| Stepping ~*~*~tactically~*~*~ (stealth).
  7084 | D:9      | Found a sparkling altar of Nemelex Xobeh.
  7123 | D:9      | 7123 ||| Stepping ~*~*~tactically~*~*~ (hiding).
  7276 | D:9      | 7276 ||| Stepping ~*~*~tactically~*~*~ (stealth).
  7396 | D:9      | 7396 ||| READING scroll of enchant armour.
  7396 | D:9      | 7396 ||| ENCHANTING +3 steam dragon scales.
  7508 | D:9      | Reached XP level 11. HP: 93/107 MP: 11/11
  7713 | D:9      | 7713 ||| PLANNING LAIR
  7713 | D:9      | 7713 ||| UPGRADING to +0 tower shield.
  7718 | D:9      | 7718 ||| READING scroll labelled ANIUQI ZOJOUQA.
  7719 | D:9      | 7719 ||| READING scroll labelled LOOQ TOGAUQUZ.
  7720 | D:9      | 7720 ||| READING scroll labelled DASSUC YKUGA.
  7772 | Lair:1   | Entered Level 1 of the Lair of Beasts
  7799 | Lair:1   | Found the +4 skin of Zhor {*Englaciate rC+++ SInv}
  7817 | Lair:1   | Reached skill level 1 in Shields
  7820 | Lair:1   | 7820 ||| INVOKING Fiery Armour.
  7934 | Lair:1   | 7934 ||| Stepping ~*~*~tactically~*~*~ (hiding).
  7948 | Lair:1   | 7948 ||| Stepping ~*~*~tactically~*~*~ (outnumbered).
  7949 | Lair:1   | 7949 ||| Stepping ~*~*~tactically~*~*~ (outnumbered).
  7950 | Lair:1   | 7950 ||| Stepping ~*~*~tactically~*~*~ (outnumbered).
  7951 | Lair:1   | 7951 ||| Stepping ~*~*~tactically~*~*~ (outnumbered).
  7953 | Lair:1   | 7953 ||| INVOKING Fiery Armour.
  7956 | Lair:1   | Reached skill level 3 in Shields
  8051 | Lair:1   | Noticed a five-headed hydra
  8058 | Lair:1   | Killed a seven-headed hydra
  8059 | Lair:1   | Reached skill level 6 in Shields
  8103 | Lair:1   | 8103 ||| Stepping ~*~*~tactically~*~*~ (stealth).
  8109 | Lair:1   | 8109 ||| Stepping ~*~*~tactically~*~*~ (stealth).
  8115 | Lair:1   | 8115 ||| Stepping ~*~*~tactically~*~*~ (outnumbered).
  8116 | Lair:1   | 8116 ||| INVOKING Fiery Armour.
  8236 | Lair:1   | 8236 ||| Stepping ~*~*~tactically~*~*~ (stealth).
  8239 | Lair:1   | 8239 ||| Stepping ~*~*~tactically~*~*~ (stealth).
  8289 | Lair:1   | 8289 ||| READING scroll of acquirement.
  8289 | Lair:1   | 8289 ||| ACQUIRING +2 robe of the Arcane {rN+++ rCorr Str+7
                  | Stlth-}
  8289 | Lair:1   | Acquired the +2 robe of the Arcane {rN+++ rCorr Str+7
                  | Stlth-}
  8291 | Lair:1   | 8291 ||| UPGRADING to +2 robe of the Arcane {rN+++ rCorr
                  | Str+7 Stlth-}.
  8392 | Lair:1   | 8392 ||| Stepping ~*~*~tactically~*~*~ (stealth).
  8485 | Lair:1   | 8485 ||| Stepping ~*~*~tactically~*~*~ (stealth).
  8496 | Lair:1   | 8496 ||| Stepping ~*~*~tactically~*~*~ (hiding).
  8568 | Lair:1   | 8568 ||| READING 3 scrolls of teleportation.
  8705 | Lair:1   | 8705 ||| UPGRADING to +4 skin of Zhor {*Englaciate rC+++
                  | SInv}.
  8813 | Lair:2   | 8813 ||| Stepping ~*~*~tactically~*~*~ (stealth).
  8821 | Lair:2   | 8821 ||| Stepping ~*~*~tactically~*~*~ (outnumbered).
  8822 | Lair:2   | 8822 ||| Stepping ~*~*~tactically~*~*~ (outnumbered).
  8824 | Lair:2   | Reached skill level 9 in Shields
  8826 | Lair:2   | 8826 ||| Stepping ~*~*~tactically~*~*~ (outnumbered).
  8898 | Lair:2   | Noticed Urug
  8899 | Lair:2   | 8899 ||| INVOKING Fiery Armour.
  8906 | Lair:2   | 8906 ||| Stepping ~*~*~tactically~*~*~ (outnumbered).
  8907 | Lair:2   | Reached XP level 12. HP: 91/115 MP: 12/12
  8907 | Lair:2   | 8907 ||| FLEEEEING.
  8908 | Lair:2   | 8908 ||| FLEEEEING.
  8909 | Lair:2   | 8909 ||| FLEEEEING.
  8910 | Lair:2   | 8910 ||| FLEEEEING.
  8911 | Lair:2   | 8911 ||| FLEEEEING.
  8912 | Lair:2   | 8912 ||| FLEEEEING.
  8913 | Lair:2   | 8913 ||| FLEEEEING.
  8914 | Lair:2   | 8914 ||| FLEEEEING.
  8915 | Lair:2   | 8915 ||| FLEEEEING.
  8916 | Lair:2   | 8916 ||| FLEEEEING.
  8917 | Lair:2   | 8917 ||| FLEEEEING.
  8918 | Lair:2   | 8918 ||| FLEEEEING.
  8919 | Lair:2   | 8919 ||| FLEEEEING.
  8920 | Lair:2   | 8920 ||| STAIRDANCE
  8937 | Lair:1   | 8937 ||| READING 14 scrolls of identify.
  8937 | Lair:1   | 8937 ||| IDENTIFYING metallic dark potion
  8945 | Lair:2   | Killed Urug
  8946 | Lair:2   | 8946 ||| STAIRDANCE
  8996 | Lair:2   | 8996 ||| Stepping ~*~*~tactically~*~*~ (hiding).
  8997 | Lair:2   | 8997 ||| Stepping ~*~*~tactically~*~*~ (hiding).
  9061 | Lair:2   | 9061 ||| Stepping ~*~*~tactically~*~*~ (outnumbered).
  9062 | Lair:2   | 9062 ||| Stepping ~*~*~tactically~*~*~ (outnumbered).
  9065 | Lair:2   | 9065 ||| Stepping ~*~*~tactically~*~*~ (outnumbered).
  9067 | Lair:2   | 9067 ||| Stepping ~*~*~tactically~*~*~ (outnumbered).
  9134 | Lair:2   | 9134 ||| INVOKING Fiery Armour.
  9147 | Lair:2   | 9147 ||| Stepping ~*~*~tactically~*~*~ (outnumbered).
  9148 | Lair:2   | 9148 ||| Stepping ~*~*~tactically~*~*~ (outnumbered).
  9192 | Lair:2   | 9192 ||| Stepping ~*~*~tactically~*~*~ (hiding).
  9208 | Lair:2   | 9208 ||| Stepping ~*~*~tactically~*~*~ (stealth).
  9209 | Lair:2   | 9209 ||| Stepping ~*~*~tactically~*~*~ (stealth).
  9222 | Lair:2   | 9222 ||| Stepping ~*~*~tactically~*~*~ (stealth).
  9224 | Lair:2   | 9224 ||| Stepping ~*~*~tactically~*~*~ (hiding).
  9225 | Lair:2   | 9225 ||| Stepping ~*~*~tactically~*~*~ (hiding).
  9227 | Lair:2   | 9227 ||| Stepping ~*~*~tactically~*~*~ (hiding).
  9230 | Lair:2   | 9230 ||| Stepping ~*~*~tactically~*~*~ (hiding).
  9257 | Lair:2   | Found a staircase to the Snake Pit.
  9258 | Lair:2   | 9258 ||| PLANNING TEMPLE
  9399 | Temple   | Entered the Ecumenical Temple
  9454 | Temple   | 9454 ||| PLANNING CONVERSION TO OKAWARU
  9461 | Temple   | Fell from the grace of Ignis
  9461 | Temple   | Became a worshipper of Warmaster Okawaru
  9462 | Temple   | 9462 ||| PLANNING LAIR
  9905 | Lair:2   | Found a staircase to the Shoals.
  9927 | Lair:3   | 9927 ||| STAIRDANCE
  9934 | Lair:3   | 9934 ||| STAIRDANCE
  9936 | Lair:2   | 9936 ||| Stepping ~*~*~tactically~*~*~ (outnumbered).
  9937 | Lair:2   | 9937 ||| Stepping ~*~*~tactically~*~*~ (outnumbered).
  9938 | Lair:2   | 9938 ||| Stepping ~*~*~tactically~*~*~ (outnumbered).
  9965 | Lair:2   | Reached * piety under Okawaru
  9966 | Lair:2   | 9966 ||| INVOKING Heroism.
 10010 | Lair:3   | Reached skill level 1 in Invocations
 10078 | Lair:3   | 10078 ||| Stepping ~*~*~tactically~*~*~ (stealth).
 10084 | Lair:3   | 10084 ||| Stepping ~*~*~tactically~*~*~ (stealth).
 10089 | Lair:3   | 10089 ||| INVOKING Heroism.
 10122 | Lair:3   | 10122 ||| Stepping ~*~*~tactically~*~*~ (stealth).
 10124 | Lair:3   | 10124 ||| INVOKING Heroism.
 10125 | Lair:3   | 10125 ||| Stepping ~*~*~tactically~*~*~ (stealth).
 10128 | Lair:3   | 10128 ||| Stepping ~*~*~tactically~*~*~ (stealth).
 10129 | Lair:3   | 10129 ||| Stepping ~*~*~tactically~*~*~ (stealth).
 10133 | Lair:3   | 10133 ||| Stepping ~*~*~tactically~*~*~ (outnumbered).
 10134 | Lair:3   | 10134 ||| Stepping ~*~*~tactically~*~*~ (outnumbered).
 10136 | Lair:3   | 10136 ||| Stepping ~*~*~tactically~*~*~ (outnumbered).
 10139 | Lair:3   | 10139 ||| INVOKING Heroism.
 10140 | Lair:3   | 10140 ||| Stepping ~*~*~tactically~*~*~ (outnumbered).
 10141 | Lair:3   | 10141 ||| Stepping ~*~*~tactically~*~*~ (outnumbered).
 10142 | Lair:3   | 10142 ||| Stepping ~*~*~tactically~*~*~ (outnumbered).
 10147 | Lair:3   | 10147 ||| Stepping ~*~*~tactically~*~*~ (outnumbered).
 10148 | Lair:3   | 10148 ||| Stepping ~*~*~tactically~*~*~ (outnumbered).
 10156 | Lair:3   | Reached skill level 3 in Invocations
 10250 | Lair:3   | Reached ** piety under Okawaru
 10316 | Lair:3   | 10316 ||| Stepping ~*~*~tactically~*~*~ (stealth).
 10318 | Lair:3   | 10318 ||| Stepping ~*~*~tactically~*~*~ (stealth).
 10319 | Lair:3   | 10319 ||| Stepping ~*~*~tactically~*~*~ (stealth).
 10319 | Lair:3   | You fall into a shaft and drop 1 floor!
 10321 | Lair:4   | Noticed a boulder beetle
 10322 | Lair:4   | 10322 ||| Stepping ~*~*~tactically~*~*~ (stealth).
 10323 | Lair:4   | Noticed a seven-headed hydra
 10324 | Lair:4   | 10324 ||| INVOKING Heroism.
 10327 | Lair:4   | Noticed a death yak
 10328 | Lair:4   | 10328 ||| Stepping ~*~*~tactically~*~*~ (stealth).
 10333 | Lair:4   | 10333 ||| Stepping ~*~*~tactically~*~*~ (outnumbered).
 10334 | Lair:4   | 10334 ||| Stepping ~*~*~tactically~*~*~ (outnumbered).
 10341 | Lair:4   | HP: 26/115 [11-headed hydra (3)]
 10341 | Lair:4   | HP: 10/115 [11-headed hydra (8)]
 10342 | Lair:4   | 10342 ||| READING 3 scrolls of teleportation.
 10342 | Lair:4   | Slain by an 11-headed hydra

Levels and vault maps discovered:
D:1:      dpeg_arrival_ratfight, layout_basic, serial_shops, shop,
          nicolae_shop_stone
D:2:      layout_basic, chequers_arboretum, minmay_shallow_snake_nest,
          uniq_robin, uniq_sigmund
D:3:      layout_loops_ring, xom_redecorated, mainiacjoe_overflow_paths,
          nicolae_dithmenos_shadow_blocks
D:4:      layout_layer_cave, nicolae_hepliaklqana_hazy_memory, serial_shops,
          nicolae_stop_n_shop_1, nicolae_shop_statue_plus, nicolae_shop_trees,
          nicolae_shop_crystal, shop, nicolae_ossuary_entry_monument,
          uniq_pikel, uniq_blork_the_orc
D:5:      layout_loops_ring, lemuel_doored_altar, ashenzari_conservatory_becter,
          dk_rats_in_the_wall, uniq_menkaure
D:6:      layout_basic, chequers_temple_overflow_minitemple, temple_hall
D:7:      layout_rooms, serial_shops,
          nicolae_shop_temple_entry_statues_fountains
D:8:      layout_basic, minmay_checkerbox
D:9:      layout_loops_ring, mainiacjoe_overflow_catwalk, dpeg_oklobed_lair,
          minivault_22
Temple:   nicolae_temple_two_arcs
Lair:1:   layout_roguey, hellmonk_guarded_unrand_zhor, grunt_megastairs_5
Lair:2:   layout_chaotic_city, minmay_shoals_entry_lonely_mermaid,
          guppyfry_snake_entry_garden, nicolae_quartered_pool_little,
          chequers_serial_rivers_micro_d, uniq_urug
Lair:3:   layout_regular_city, beast_lair_carwin_9, lemuel_fruit_tree
Lair:4:   layout_regular_city, nicolae_slime_entry_slimehenge,
          forest_entry_grove, grunt_megastairs_3

Skill      XL: |  1  2  3  4  5  6  7  8  9 10 11 12 |
---------------+-------------------------------------+-----
Unarmed Combat | 4 6 9 11 13 14 | 14.8
Fighting       | 3 4 5 6 |  6.7
Dodging        | 1 |  1.6
Armour         | 1 2 |  2.2
Throwing       | 1 2 |  2.1
Shields        | 9 11 | 11.5
Invocations    | 3 |  3.5
Spellcasting   | |  1.0
Fire Magic     | |  2.1

Action                   |  1- 3 |  4- 6 |  7- 9 | 10-12 || total
-------------------------+-------+-------+-------+-------++-------
Melee: Unarmed           |   104 |   125 |   264 |   425 ||   918
       Punch             |     1 |     4 |    10 |     5 ||    20
Throw: Boomerang         |       |       |     6 |    26 ||    32
       Javelin           |       |       |       |    28 ||    28
Invok: Fiery Armour      |       |     2 |     4 |     6 ||    12
       Heroism           |       |       |       |     5 ||     5
  Use: Potion            |     2 |     1 |     4 |     1 ||     8
       Scroll            |     1 |     3 |     6 |    11 ||    21
Armor: Robe              |    32 |    69 |    84 |    26 ||   211
       Steam dragon scal |       |       |       |    97 ||    97
       Animal skin       |       |       |       |    64 ||    64
       Skin              |       |       |       |     1 ||     1
Dodge: Dodged            |    34 |    38 |    96 |   163 ||   331
Block: Tower shield      |       |       |       |   171 ||   171

Table legend:
 A = Non-vault XP
 B = Vault XP
 C = Vault XP percentage of total XP
 D = Non-vault monster count
 E = Vault monster count
 F = Vault count percentage of total count
                 A         B        C        D         E       F
            +---------+---------+-------+---------+---------+-------
      Total |   25739 |    7131 |  21.7 |     246 |      85 |  25.7
            +---------+---------+-------+---------+---------+-------
        D:1 |      30 |       5 |  14.3 |      17 |       5 |  22.7
        D:2 |      26 |     296 |  91.9 |      14 |      17 |  54.8
        D:3 |      86 |       0 |   0.0 |      16 |       0 |   0.0
        D:4 |     103 |     735 |  87.7 |      19 |       2 |   9.5
        D:5 |     458 |     313 |  40.6 |      19 |      22 |  53.7
        D:6 |     785 |       0 |   0.0 |      24 |       0 |   0.0
        D:7 |    2439 |       0 |   0.0 |      35 |       0 |   0.0
        D:8 |    1682 |     368 |  18.0 |      25 |       4 |  13.8
        D:9 |    3546 |       0 |   0.0 |      23 |       0 |   0.0
     Lair:1 |    7478 |    2643 |  26.1 |      21 |      10 |  32.3
     Lair:2 |    5803 |    1623 |  21.9 |      22 |       4 |  15.4
     Lair:3 |    3101 |     816 |  20.8 |      10 |       4 |  28.6
     Lair:4 |     202 |     151 |  42.8 |       1 |       1 |  50.0
    Ossuary |       0 |     181 | 100.0 |       0 |      16 | 100.0
            +---------+---------+-------+---------+---------+-------
